AoeStats
← FrosttyyX

Arena

505380741Analyzed
2v2 RM · 22d ago on Sep 9, 2026· 36m 52s· 4 players
Game mode
Random Map
Map size
Medium (4 player)
Population
200
Speed
Normal
Resources
Standard
Victory
Conquest
Starting age
Dark Age
Ending age
Imperial Age
RankedLock teamsTeams togetherTeam positionsShared explorationLock speedFull tech treeHidden civsTurbo modeCheats
Victory
Defeat
🇦🇺 Italians · Australia
914
+31
🇨🇱 Magyars · Chile
861
+13
🇺🇸 Lithuanians · United States
805
-12
🇨🇦 Japanese · Canada
788
-12
BenjaB1
0:26 Loom
11:13 Feudal Age
12:59 Wheelbarrow
20:32 Castle Age
19:23 Gold Mining
19:26 Stone Mining
19:59 Double-Bit Axe
21:12 Scale Barding Armor
20:58 Fletching
23:14 Chain Barding Armor
28:05 Bloodlines
28:29 Husbandry
34:37 Imperial Age
33:33 Bodkin Arrow
36:08 Plate Barding Armor
36:02 Conscription
FrosttyyX
8:09 Loom
12:27 Feudal Age
17:17 Castle Age
16:22 Wheelbarrow
16:18 Double-Bit Axe
23:57 Squires
24:27 Gold Mining
24:20 Horse Collar
26:09 Bow Saw
26:42 Hand Cart
27:12 Forging
27:42 Fletching
27:52 Padded Archer Armor
27:54 Scale Mail Armor
29:46 Iron Casting
29:10 Bodkin Arrow
29:03 Town Watch
33:00 Imperial Age
30:54 Ballistics
30:55 Thumb Ring
31:43 Chain Mail Armor
31:17 Arson
32:22 Heavy Plow
35:44 Blast Furnace
35:39 Plate Mail Armor
35:15 Bracer
36:44 Leather Archer Armor
37:50 Conscription
FAD3D WHHYY NOT
0:27 Loom
12:01 Feudal Age
13:31 Double-Bit Axe
15:26 Arson
15:28 Horse Collar
21:50 Castle Age
22:39 Squires
22:02 Pikeman
29:03 Scale Mail Armor
29:14 Forging
36:17 Imperial Age
35:38 Heavy Plow
35:52 Bow Saw
36:45 Chain Mail Armor
37:06 Iron Casting
V snacks
12:46 Feudal Age
14:11 Double-Bit Axe
15:02 Town Watch
15:33 Loom
19:14 Castle Age
19:21 Scale Mail Armor
19:33 Forging
19:35 Padded Archer Armor
19:27 Fletching
21:32 Wheelbarrow
20:40 Horse Collar
21:14 Bow Saw
25:53 Bodkin Arrow
28:33 Thumb Ring
28:52 Ballistics
28:51 Leather Archer Armor
29:35 Guard Tower
32:03 Squires
34:48 Imperial Age
35:50 Forging
35:55 Chain Mail Armor
35:44 Bracer
35:25 Pikeman
36:29 Heavy Plow
Connection lost

Rejoining the realm…

Still unreachable

The connection could not be restored.

Session expired

The server has moved on; the page needs a fresh start.